 Dungeon Crawl Stone Soup version 0.24.0-2-g5b39cebb1c (webtiles) character file.

Game seed: 11369840874986587018, levelgen mode: deterministic

166756 Monsterracer the Severer (level 16, -1/152 HPs)
             Began as a Deep Dwarf Fighter on Oct 30, 2019.
             Was the Champion of Makhleb.
             Slain by the Royal Jelly (38 damage)
             ... on level 5 of the Pits of Slime.
             The game lasted 00:19:15 (17072 turns).

Monsterracer the Severer (Deep Dwarf Fighter)      Turns: 17072, Time: 00:19:16

Health: -1/152     AC:  0    Str: 35    XL:     16   Next: 72%
Magic:  3/6        EV:  7    Int:  9    God:    Makhleb [******]
Gold:   502        SH: 25    Dex: 15    Spells: 15/15 levels left

rFire    x . .     SeeInvis +   p - +9 broad axe of Aculo {chop, rPois rF- rC++ Int+2}
rCold    + + +     Gourm    .   Q - +0 large shield
rNeg     + . .     Faith    .   H - +3 chain mail {rPois}
rPois    +         Spirit   .   B - +2 hat {MR+}
rElec    .         Reflect  +   F - +2 cloak {rPois}
rCorr    +         Harm     .   L - +2 pair of gloves {Str+3}
MR       ++...     Rnd*Tele +   I - +1 pair of boots of Noughts and Crosses {rC+++ MR- Dex+3 SInv}
Stlth    ..........             k - +3 amulet of reflection
HPRegen  0.00/turn              z - +3 ring of slaying
MPRegen  0.10/turn              g - ring of resist corrosion

@: mighty, about to teleport, corroded, non-regenerating, hasted, very quick
A: damage resistance, heal wounds, deformed body, dopey 1, negative energy
resistance 1, sense surroundings 2, screaming 1, teleportitis 1, no potion heal
1, no regeneration
}: 2/15 runes: decaying, gossamer
a: Heal Wounds, Minor Destruction, Lesser Servant of Makhleb, Major Destruction,
Greater Servant of Makhleb, Renounce Religion


You were on level 5 of the Pits of Slime.
You worshipped Makhleb.
Makhleb was exalted by your worship.
You were not hungry.

You visited 6 branches of the dungeon, and saw 33 of its levels.
You also visited: Sewer and Gauntlet.

You collected 2214 gold pieces.
You spent 1712 gold pieces at shops.

Inventory:

Hand Weapons
 p - the +9 broad axe of Aculo (weapon) {chop, rPois rF- rC++ Int+2}
   (You acquired it on level 3 of the Lair of Beasts)

   It inflicts extra damage upon your enemies.
   It affects your intelligence (+2).
   It makes you vulnerable to fire.
   It greatly protects you from cold.
   It protects you from poison.
Missiles
 v - 3 throwing nets (quivered) {!f}
Armour
 B - a +2 hat of magic resistance (worn)
   (You took it off Gastronok on level 8 of the Dungeon)
 F - a +2 cloak of poison resistance (worn)
   (You found it in a Gauntlet)
 H - a +3 chain mail of poison resistance (worn)
   (You bought it in a shop on level 12 of the Dungeon)
 I - the +1 pair of boots of Noughts and Crosses (worn) {rC+++ MR- Dex+3 SInv}
   (You bought it in a shop on level 12 of the Dungeon)

   It affects your dexterity (+3).
   It renders you almost immune to cold.
   It affects your resistance to hostile enchantments.
   It lets you see invisible.
 L - a +2 pair of gloves of strength (worn)
   (You bought it in a shop on level 2 of the Orcish Mines)
 Q - a +0 large shield (worn)
   (You found it on level 4 of the Swamp)
Jewellery
 g - a ring of resist corrosion (right hand)
   (You found it on level 4 of the Swamp)
 k - a +3 amulet of reflection (around neck)
   (You found it on level 1 of the Dungeon)
 z - a +3 ring of slaying (left hand)
   (You found it on level 3 of the Dungeon)
Wands
 u - a wand of enslavement (8)
   (You found it on level 11 of the Dungeon)
 J - a wand of acid (8)
   (You found it in a Gauntlet)
 K - a wand of iceblast (14)
   (You found it on level 3 of the Lair of Beasts)
 M - a wand of flame (27)
   (You found it on level 2 of the Spider Nest)
 N - a wand of paralysis (11)
   (You found it on level 4 of the Lair of Beasts)
 O - a wand of clouds (5)
   (You found it on level 1 of the Spider Nest)
Scrolls
 f - 6 scrolls of identify
 l - a scroll of enchant armour
 m - 3 scrolls of magic mapping
 r - 7 scrolls of remove curse
 t - 4 scrolls of teleportation {!r}
 y - 3 scrolls of fear {!r}
 A - 3 scrolls of immolation {!r}
 G - 4 scrolls of fog
 R - a scroll of noise {unknown}
 X - a scroll of blinking
Potions
 a - 2 potions of invisibility
 b - a potion of flight
 d - 4 potions of heal wounds
 e - 4 potions of curing
 h - 3 potions of haste
 i - 8 potions of lignification
 j - 4 potions of might
 o - a potion of mutation {!q}
 q - 2 potions of agility
 s - 3 potions of berserk rage {!q}
 w - a potion of magic
 x - a potion of resistance
 C - 2 potions of cancellation
 P - a potion of ambrosia {!q}
Miscellaneous
 n - a lamp of fire
   (You found it on level 5 of the Lair of Beasts)
 D - a phial of floods
   (You found it on level 11 of the Dungeon)
 E - a fan of gales
   (You found it in a Gauntlet)
Comestibles
 c - 39 rations


   Skills:
 + Level 12.3 Fighting
 - Level 18.0 Axes
 + Level 14.3 Armour
 + Level 14.3 Shields
 - Level 15.0 Invocations


You had 15 spell levels left.
You didn't know any spells.
Your spell library contained the following spells:

 Spells                   Type           Power        Failure   Level  Hunger
 Beastly Appendage        Tmut           #.....       99%         1    ##.....
 Corona                   Hex            #......      99%         1    ##.....
 Flame Tongue             Conj/Fire      #....        99%         1    ##.....
 Infusion                 Chrm           #...         99%         1    ##.....
 Magic Dart               Conj           #...         99%         1    ##.....
 Sting                    Conj/Pois      #...         99%         1    ##.....
 Corpse Rot               Necr           N/A          100%        2    ###....
 Ensorcelled Hibernation  Hex/Ice        #.....       100%        2    ###....
 Poisonous Vapours        Pois/Air       #.....       100%        2    ###....
 Searing Ray              Conj           #.....       100%        2    ###....
 Shroud of Golubria       Chrm/Tloc      #.....       100%        2    ###....
 Song of Slaying          Chrm           #.......     100%        2    ###....
 Sticks to Snakes         Tmut           #.......     100%        2    ###....
 Sublimation of Blood     Necr           #.........   100%        2    ###....
 Throw Flame              Conj/Fire      #.....       100%        2    ###....
 Confuse                  Hex            #.......     100%        3    ####...
 Conjure Flame            Conj/Fire      #.......     100%        3    ####...
 Dazzling Spray           Conj/Hex       #.....       100%        3    ####...
 Inner Flame              Hex/Fire       #.......     100%        3    ####...
 Mephitic Cloud           Conj/Pois/Air  #.......     100%        3    ####...
 Spectral Weapon          Hex/Chrm       #.......     100%        3    ####...
 Spider Form              Tmut/Pois      #.........   100%        3    ####...
 Tukima's Dance           Hex            #.......     100%        3    ####...
 Force Lance              Conj/Tloc      #.......     100%        4    #####..
 Fulminant Prism          Conj/Hex       #.........   100%        4    #####..
 Ice Form                 Ice/Tmut       #.......     100%        4    #####..
 Iskenderun's Mystic Bla  Conj           #.......     100%        4    #####..
 Olgreb's Toxic Radiance  Pois           #.......     100%        4    #####..
 Sticky Flame             Conj/Fire      #.......     100%        4    #####..
 Blade Hands              Tmut           #.........   100%        5    ######.
 Bolt of Draining         Conj/Necr      #.........   100%        5    ######.
 Fireball                 Conj/Fire      #.........   100%        5    ######.
 Venom Bolt               Conj/Pois      #.........   100%        5    ######.
 Regeneration             Chrm/Necr      Unusable     N/A         3    N/A

Dungeon Overview and Level Annotations

Branches:
Dungeon (12/15)            Temple (0/1) D:4            Lair (6/6) D:9
  Swamp (4/4) Lair:3       Spider (4/4) Lair:4        Slime (5/5) Lair:6
    Orc (2/2) D:12            Elf (0/3) Orc:2         Sewer (visited)
Gauntlet (visited)

Altars:
Ashenzari
Cheibriados
Dithmenos
Elyvilon
Gozag
Hepliaklqana
Makhleb
Nemelex Xobeh
Ru
Uskayaw
Yredelemnul
Zin
Beogh
Jiyva

Shops:
D:11 }   D:12 [   Orc:2 (:[*

Annotations:
D:4 3 runed translucent doors, ventricule's ghost, novice DEAs
Lair:2 exclusion: oklob plant
Lair:5 exclusion: 3 oklob plants
Lair:6 1 exclusion
Spider:4 exclusion: 3 doors
Slime:5 Royal Jelly


Innate Abilities, Weirdness & Mutations

You are resistant to damage.
You can heal yourself by infusing magical energy.
You resist negative energy. (rN+)
You passively map the area around you.
You do not regenerate.
Armour fits poorly on your strangely shaped body.
You are dopey. (Int -2)
You occasionally shout uncontrollably at your foes.
You are occasionally teleported next to monsters.
Potions are less effective at restoring your health.


Message History

The acid blob is severely wounded.
You slash the slime creature!
A great orb of eyes comes into view.
The slime creature closely misses you.
Unknown command.
You slash the acid blob!
Your hands burn!
The acid blob is severely wounded.
You hit the slime creature. The acid blob hits you!!
You are splashed with acid.
You resist.
You carve the acid blob like a ham!!!
You kill the acid blob!
Makhleb accepts your kill.
You barely miss the slime creature. You slash the slime creature!
The slime creature hits you but does no damage.
Unknown command.
You completely miss the slime creature.
The slime creature is severely wounded.
You slash the slime creature! The slime creature hits you!
You slice the slime creature!!
You kill the slime creature!
Makhleb accepts your kill.
You feel better.
You barely miss the slime creature.
An azure jelly comes into view.
An acid blob comes into view.
Found five items.
Your magical essence is drained by the effort!
You feel much better. You block the slime creature's attack.
Your magical essence is drained by the effort!
You feel much better.
Your magical essence is drained by the effort!
You feel much better. You block the slime creature's attack.
The eye of draining gazes at you.
You feel your power leaking away.
You chop the eye of draining into pieces!!!
You kill the eye of draining!
Makhleb accepts your kill.
You feel better.
You slice the slime creature!! You block the slime creature's attack.
You slash the Royal Jelly!
Your hands burn!
The Royal Jelly is lightly wounded.
You slice the slime creature!!
You kill the slime creature!
Makhleb accepts your kill.
The Royal Jelly shudders.
The Royal Jelly spits out another jelly.
The Royal Jelly hits you!!
You are splashed with acid.
You resist. You block the Royal Jelly's attack.
You slice the Royal Jelly!!
Your hands burn!
The Royal Jelly is lightly wounded.
The Royal Jelly shudders vigorously.
The Royal Jelly spits out two more jellies.
You carve the great orb of eyes like a ham!!!
The great orb of eyes is severely wounded.
You slice the acid blob!!
Your hands burn!
You closely miss the azure jelly. You slice the great orb of eyes!!
You kill the great orb of eyes!
Makhleb accepts your kill.
You feel better.
You hit the acid blob.
Your hands burn!
You slash the azure jelly! You block the acid blob's attack.
The azure jelly hits you but does no damage.
You block the azure jelly's attack.
The azure jelly hits you but does no damage.
You block the azure jelly's attack.
You hit the Royal Jelly.
Your hands burn!
The Royal Jelly is lightly wounded.
You slash the azure jelly! You slice the acid blob!!
Your hands burn!
The Royal Jelly hits you!! The acid corrodes you!
You are splashed with acid.
You resist. The Royal Jelly hits you!
You are splashed with acid.
You resist.
Your shield prevents you from hitting the Royal Jelly.
The Royal Jelly is lightly wounded.
You slash the azure jelly! You slash the acid blob! The acid corrodes you!
Your hands burn!
A death ooze comes into view.
The azure jelly hits you. The azure jelly freezes you! You resist.
The azure jelly hits you but does no damage.
You block the azure jelly's attack. x2; You block the acid blob's attack.
Unknown command.
You completely miss the Royal Jelly.
The Royal Jelly is lightly wounded.
You slash the acid blob! The acid corrodes you!
Your hands burn!
You hit the azure jelly but do no damage.
The Royal Jelly hits you!! The acid corrodes you!
You are splashed with acid.
You resist. You block the Royal Jelly's attack. The azure jelly hits you!
The azure jelly freezes you. You resist. You block the azure jelly's attack. x3
The acid blob spits acid at you. The splash of acid hits you! You resist.
* * * LOW HITPOINT WARNING * * *
You are splashed with acid.
You resist.
* * * LOW HITPOINT WARNING * * *
Unknown command.
Really read
t - 5 scrolls of teleportation {!r}?
As you read the scroll of teleportation {!r}, it crumbles to dust.
You feel strangely unstable. The Royal Jelly hits you!!!
You die...

* * * ** , , , , , ** #.#
(%)##, ,, , , *
$##..##([$## ,......., ,
=[##.#}:=}%##......... ,
?##..##)"?! #..........
,#)#.##"#$/* #...........
* ###..########...........
, *
.J..JJJJ#...##.......... ,
, .#._.J#@J.#..J..........
, *
###..########........... *
* #[#.##:#$=#*##..........
.. *, $##..##(=$}#
#.......... .. * ,
[!##.#$)φ[)###..........
.. ,*
,,$##..##[)[###...........
.. #.# [$)##.............
.. , * *#.
#[##.............. .., , *
* #...J..........


You could see the Royal Jelly, 2 acid blobs, 2 azure jellies and 2 death oozes.

Vanquished Creatures
  Rupert (Lair:3)
  Gastronok (D:8)
  3 acid blobs (Slime:5)
  3 ghost moths (Spider:4)
  4 azure jellies (Slime:4 Slime:5)
  2 orc warlords (Orc:1 Orc:2)
  5 emperor scorpions (Spider:3 Spider:4)
  An entropy weaver (Spider:1)
  A minotaur (Gauntlet)
  Josephine (D:12)
  2 death oozes (Slime:4 Slime:5)
  A great orb of eyes (Slime:5)
  Fannar (D:12)
  Harold (D:9)
  A catoblepas (Lair:3)
  12 hydras (Lair:1 D:12 Lair:2 Lair:4 Swamp:2)
  A shambling mangrove (Swamp:4)
  Erica (D:10)
  An alligator (Swamp:4)
  A death scarab (Gauntlet)
  2 two-headed ogres (D:9 D:12)
  A hell hog (Gauntlet)
  Urug (Orc:2)
  3 orc high priests (Orc:2)
  12 spriggans (Swamp:3 Swamp:4 Lair:6)
  3 unseen horrors (D:12)
  2 swamp dragons (Swamp:4)
  5 orc knights (Orc:1 Orc:2)
  9 orb spiders (Spider:2 Spider:3 Spider:4)
  5 orc sorcerers (Orc:1 Orc:2)
  14 wolf spiders (Spider:1 Spider:2 Spider:3 Spider:4)
  2 ugly things (D:11)
  A shining eye (Slime:5)
  A manticore (D:12)
  2 black mambas (Lair:3 Lair:6)
  16 elephants (Lair:2 Lair:4 Lair:5)
  2 cyclopes (D:11 D:12)
  A moth of wrath (Spider:2)
  6 spiny frogs (Lair:1 Swamp:1 Lair:6)
  A torpor snail (Spider:4)
  2 eyes of devastation (Slime:5)
  Psyche (D:12)
  2 kobold demonologists (D:12)
  2 rime drakes (Lair:1 Lair:5)
  7 komodo dragons (Lair:2 Lair:4 Swamp:3 Lair:6)
  5 demonic crawlers (Spider:2 Spider:3 Spider:4)
  9 trolls (D:10 D:12 Orc:1 Orc:2)
  5 polar bears (Lair:3 Lair:6)
  13 hornets (Lair:4 Spider:4 Swamp:3 Swamp:4 Lair:6)
  10 jumping spiders (Spider:1 Spider:4)
  6 tyrant leeches (Swamp:2 Swamp:4)
  Grinder (D:3)
  8 hippogriffs (Lair:1 D:10 Lair:2 Lair:3 Lair:4)
  16 slime creatures (D:12 Lair:6 Slime:4 Slime:5)
  5 blink frogs (Lair:4)
  4 bog bodies (Swamp:4)
  5 flying skulls (Gauntlet)
  6 tarantellas (Spider:2 Spider:3 Spider:4)
  6 wraiths (D:11 D:12)
  38 yaks (Lair:1 D:10 D:11 Lair:2 Lair:3)
  17 redbacks (Spider:1 Spider:3 Spider:4)
  A shadow (Swamp:4)
  4 hogs (D:8)
  3 fire bats (Gauntlet)
  3 golden eyes (Slime:4)
  A human (D:8)
  A basilisk (Lair:5)
  A hungry ghost (D:9)
  8 vampire mosquitoes (Swamp:1 Swamp:3 Swamp:4)
  A spectral spiny frog (Gauntlet)
  Edmund (D:6)
  A swamp worm (Swamp:2)
  6 wargs (D:12 Orc:1 Orc:2)
  8 insubstantial wisps (Swamp:3 Swamp:4)
  2 hell hounds (Gauntlet)
  14 water moccasins (Lair:1 Lair:2 Lair:3 Lair:4 Lair:6)
  9 porcupines (D:9 Lair:1 Lair:2 Lair:5)
  6 swamp drakes (Swamp:4)
  5 ice beasts (D:9 D:11)
  4 sky beasts (D:10 D:11 D:12)
  Purgy (Sewer)
  37 orc warriors (D:7 D:11 D:12 Orc:1 Orc:2)
  An eye of draining (Slime:5)
  5 black bears (D:9 D:10 Lair:6)
  2 boggarts (Lair:6)
  10 ogres (D:4 D:7 D:8 D:9 D:11)
  11 wolves (Lair:1 Lair:6)
  2 centaurs (D:10 D:12)
  12 crocodiles (Lair:1 D:10 Lair:2 Lair:3 Lair:4)
  Blork the orc (D:6)
  5 big kobolds (D:9 D:12)
  11 bullfrogs (D:7 D:9 D:11 D:12 Lair:2)
  A gnoll sergeant (D:10)
  9 scorpions (D:5 D:7 D:9 D:10 D:12)
  15 killer bees (D:8 D:12)
  3 wights (D:11)
  2 electric eels (Spider:4)
  A howler monkey (D:4)
  2 centaur zombies (D:7 D:11)
  2 quasits (D:7 D:12)
  3 bullfrog skeletons (D:4 D:7 D:9)
  6 jellies (D:6 D:9 D:10 D:11 Lair:6)
  36 orc wizards (D:2 D:4 D:6 D:7 D:9)
  4 centaur skeletons (D:8 D:10 D:12)
  20 orc priests (D:4 D:7 D:11 D:12 Orc:1)
  6 hounds (D:6 D:8 D:9 D:10)
  5 iguanas (D:4 D:5 D:12)
  7 worker ants (D:7 D:8 D:9 D:11 Lair:4)
  2 worker ant zombies (D:7 D:10)
  11 gnolls (D:3 D:10 D:11)
  7 adders (D:2 D:4 D:6 D:7 D:12)
  2 shadow imps (D:9 D:10)
  3 oozes (D:1 D:3 D:5)
  4 worms (D:2 D:3 Lair:4)
  A dart slug (D:2)
  5 leopard geckos (D:1 D:3 D:6 D:7)
  93 orcs (D:2 D:3 D:4 D:7 D:9)
  3 ball pythons (D:1 D:2 D:7)
  15 bats (D:1 D:2 D:3 Sewer)
  8 giant cockroaches (D:1 D:4 D:8 Lair:4)
  4 hobgoblins (D:1 D:2)
  10 jackals (D:2 D:3)
  25 kobolds (D:1 D:2 D:3 D:9 D:12)
  7 quokkas (D:3 D:4 D:6 D:7)
  3 frilled lizards (D:1 D:3)
  12 goblins (D:1 D:2)
  3 quokka skeletons (D:4 D:9)
  10 rats (D:1 D:2 D:3)
  A spectral orc (D:2)
  2 bushes (D:10)
  6 fungi (D:9 Lair:1 Lair:2)
  4 plants (D:9 Lair:6)
841 creatures vanquished.

Vanquished Creatures (collateral kills)
  the Lernaean hydra (Swamp:4)
  A spark wasp (Spider:4)
  7 hydras (Swamp:4)
  8 swamp dragons (Swamp:4)
  A spiny frog (Swamp:4)
  A jumping spider (Spider:4)
  A tyrant leech (Swamp:4)
  3 hornets (Spider:4 Swamp:4)
  A spriggan (Swamp:4)
  A vampire mosquito (Swamp:4)
  3 insubstantial wisps (Swamp:4)
  2 swamp worms (Swamp:4)
  2 swamp drakes (Swamp:4)
32 creatures vanquished.

Vanquished Creatures (others)
  An emperor scorpion (Spider:4)
  A swamp drake (Swamp:4)
  An orc priest (Orc:2)
  A kobold (D:3)
  11 fungi (D:9 Lair:2 Lair:4 Lair:5 Lair:6)
  8 plants (Lair:1 Lair:4 Lair:5)
23 creatures vanquished.

Grand Total: 896 creatures vanquished

Notes
Turn   | Place    | Note
-------+----------+-------------------------------------------
     0 | D:1      | Monsterracer the Deep Dwarf Fighter began the quest for the
                  | Orb.
     0 | D:1      | Reached XP level 1. HP: 20/20 MP: 1/1
    48 | D:1      | Reached XP level 2. HP: 27/27 MP: 2/2
   334 | D:1      | Reached skill level 3 in Axes
   334 | D:1      | Reached XP level 3. HP: 26/33 MP: 3/3
   716 | D:2      | HP: 15/34 [worm (5)]
   765 | D:2      | Reached XP level 4. HP: 42/42 MP: 3/3
  1168 | D:2      | Found a basalt altar of Yredelemnul.
  1502 | D:2      | Found a sacrificial altar of Ru.
  1777 | D:3      | Reached skill level 4 in Axes
  1785 | D:3      | Found a faded altar of an unknown god.
  1785 | D:3      | Found a shadowy altar of Dithmenos.
  1792 | D:3      | Found a burning altar of Makhleb.
  1794 | D:3      | Found a hide-covered altar of Uskayaw.
  1796 | D:3      | Found a faded altar of an unknown god.
  1799 | D:3      | Became a worshipper of Makhleb the Destroyer
  1832 | D:3      | Reached XP level 5. HP: 35/49 MP: 4/4
  1902 | D:3      | HP: 17/49 [gnoll/+0 halberd (10)]
  1913 | D:3      | HP: 21/49 [gnoll/cursed -2 flail (5)]
  2067 | D:3      | Noticed Grinder
  2068 | D:3      | HP: 24/49 [Grinder (1)]
  2076 | D:3      | HP: 20/49 [Grinder (5)]
  2091 | D:3      | HP: 22/49 [Grinder (5)]
  2101 | D:3      | HP: 13/49 [Grinder (6)]
  2105 | D:3      | Paralysed by Grinder for 2 turns
  2108 | D:3      | Killed Grinder
  2108 | D:3      | Reached XP level 6. HP: 36/57 MP: 3/5
  2638 | D:4      | Found a staircase to the Ecumenical Temple.
  2652 | D:4      | Reached skill level 5 in Axes
  2681 | D:4      | Reached * piety under Makhleb
  2682 | D:4      | Reached XP level 7. HP: 46/63 MP: 6/6
  2683 | D:4      | Found a snail-covered altar of Cheibriados.
  2735 | D:4      | Found a runed translucent gate.
  2735 | D:4      | Found a runed translucent gate.
  2736 | D:4      | Found a runed translucent gate.
  2736 | D:4      | Noticed ventricule's ghost (novice DEAs)
  2736 | D:4      | Identified the +8 dagger "Hell-Harrower" {pierce, *Slow
                  | Str+2 Int+4 SInv}
  2737 | D:4      | Found a roughly hewn altar of Beogh.
  2986 | D:4      | Reached skill level 5 in Shields
  2987 | D:4      | Reached skill level 6 in Axes
  2987 | D:4      | Reached skill level 5 in Armour
  3521 | D:5      | Entered Level 5 of the Dungeon
  3673 | D:5      | Found a glowing drain.
  3678 | Sewer    | Entered a sewer
  3680 | Sewer    | Reached XP level 8. HP: 61/73 MP: 8/8
  3701 | Sewer    | Noticed Purgy
  3717 | Sewer    | Killed Purgy
  3882 | D:5      | You fall into a shaft and drop 1 floor!
  3982 | D:6      | Found a glowing silver altar of Zin.
  4253 | D:6      | Noticed Blork the orc
  4260 | D:6      | HP: 32/73 [Blork the orc/puff of flame (8)]
  4261 | D:6      | Killed Blork the orc
  4261 | D:6      | Reached skill level 7 in Axes
  4287 | D:6      | Noticed Edmund
  4306 | D:6      | Killed Edmund
  4445 | D:6      | Found a hazy altar of Hepliaklqana.
  4449 | D:6      | Reached ** piety under Makhleb
  4835 | D:7      | Reached skill level 5 in Fighting
  4875 | D:7      | Reached skill level 5 in Invocations
  5186 | D:7      | Reached skill level 8 in Axes
  5186 | D:7      | Gained mutation: You passively map the area around you.
                  | [Deep Dwarf growth]
  5186 | D:7      | Reached XP level 9. HP: 74/81 MP: 8/8
  5757 | D:8      | Noticed Gastronok
  5773 | D:8      | HP: 39/81 [killer bee (3)]
  5784 | D:8      | HP: 39/81 [poisoned by a killer bee]
  5794 | D:8      | HP: 26/81 [Gastronok (17)]
  5803 | D:8      | HP: 17/81 [Gastronok (18)]
  5807 | D:8      | Killed Gastronok
  5807 | D:8      | Reached skill level 9 in Axes
  5807 | D:8      | Reached XP level 10. HP: 91/91 MP: 8/10
  6016 | D:8      | Reached *** piety under Makhleb
  6107 | D:8      | Reached skill level 10 in Axes
  6235 | D:9      | HP: 40/92 [porcupine's spines (10)]
  6247 | D:9      | Found a staircase to the Lair.
  6491 | D:9      | Noticed a two-headed ogre
  6499 | D:9      | Noticed Harold
  6504 | D:9      | HP: 40/92 [two-headed ogre/+0 giant club (12)]
  6513 | D:9      | HP: 34/92 [two-headed ogre/+0 giant club (19)]
  6515 | D:9      | Killed a two-headed ogre
  6515 | D:9      | Reached skill level 11 in Axes
  6524 | D:9      | Killed Harold
  6524 | D:9      | Reached **** piety under Makhleb
  6524 | D:9      | Reached XP level 11. HP: 98/99 MP: 10/10
  6609 | D:9      | Found an opulent altar of Gozag.
  6610 | D:9      | Found a sparkling altar of Nemelex Xobeh.
  6723 | D:9      | Found a white marble altar of Elyvilon.
  6723 | D:9      | Found a shattered altar of Ashenzari.
  6973 | Lair:1   | Entered Level 1 of the Lair of Beasts
  6998 | Lair:1   | HP: 50/100 [porcupine (13)]
  7013 | Lair:1   | HP: 43/100 [crocodile (16)]
  7055 | Lair:1   | HP: 50/100 [yak (1)]
  7059 | Lair:1   | HP: 20/100 [yak (12)]
  7070 | Lair:1   | HP: 48/100 [yak (4)]
  7076 | Lair:1   | HP: 49/100 [yak (5)]
  7177 | Lair:1   | HP: 44/100 [spiny frog (11)]
  7184 | Lair:1   | HP: 41/100 [wolf (1)]
  7189 | Lair:1   | HP: 37/100 [poisoned by a spiny frog]
  7194 | Lair:1   | HP: 44/100 [poisoned by a spiny frog]
  7197 | Lair:1   | HP: 12/100 [spiny frog (13)]
  7202 | Lair:1   | HP: 32/100 [poisoned by a spiny frog]
  7204 | Lair:1   | HP: 12/100 [spiny frog (12)]
  7209 | Lair:1   | HP: 42/100 [poisoned by a spiny frog]
  7221 | Lair:1   | Noticed a six-headed hydra
  7227 | Lair:1   | HP: 45/100 [six-headed hydra (8)]
  7229 | Lair:1   | HP: 13/100 [six-headed hydra (13)]
  7229 | Lair:1   | HP: 1/100 [six-headed hydra (12)]
  7234 | Lair:1   | HP: 14/100 [six-headed hydra (11)]
  7237 | Lair:1   | HP: 4/100 [six-headed hydra (3)]
  7242 | Lair:1   | HP: 43/100 [six-headed hydra (8)]
  7245 | Lair:1   | Killed a six-headed hydra
  7369 | Lair:1   | HP: 50/100 [electric eel/bolt of electricity (12)]
  7374 | Lair:1   | HP: 23/100 [electric eel/bolt of electricity (12)]
  7388 | Lair:1   | HP: 30/100 [electric eel/bolt of electricity (13)]
  7445 | D:10     | Entered Level 10 of the Dungeon
  7573 | D:10     | Reached skill level 12 in Axes
  7600 | D:10     | HP: 49/100 [acid (2)]
  7606 | D:10     | HP: 37/100 [acid (3)]
  7616 | D:10     | HP: 27/100 [centaur warrior skeleton (4)]
  7632 | D:10     | HP: 46/100 [centaur warrior skeleton (6)]
  7639 | D:10     | HP: 36/100 [centaur warrior skeleton (5)]
  8085 | D:10     | Noticed Erica
  8092 | D:10     | Killed Erica
  8553 | D:11     | Noticed a purple ugly thing
  8555 | D:11     | Noticed a cyan ugly thing
  8571 | D:11     | Killed a brown ugly thing
  8575 | D:11     | Killed a purple ugly thing
  8674 | D:11     | Identified Opsotzoth's Tome of Fiery Evil
  8682 | D:11     | Reached skill level 10 in Invocations
  8682 | D:11     | Reached XP level 12. HP: 110/110 MP: 9/9
  8735 | D:11     | Reached ***** piety under Makhleb
  8788 | D:11     | Found Kiguedur's Gadget Boutique.
  9117 | D:12     | Noticed a six-headed hydra
  9127 | D:12     | Killed an eight-headed hydra
  9127 | D:12     | Reached skill level 13 in Axes
  9351 | D:12     | Found a staircase to the Orcish Mines.
  9362 | D:12     | Noticed a two-headed ogre
  9371 | D:12     | Killed a two-headed ogre
  9371 | D:12     | Reached skill level 10 in Armour
  9371 | D:12     | Reached skill level 10 in Shields
  9574 | D:12     | Noticed Psyche
  9669 | D:12     | Killed Psyche
  9713 | D:12     | Noticed Josephine
  9721 | D:12     | Killed Josephine
  9740 | D:12     | Noticed Fannar
  9752 | D:12     | HP: 48/112 [ice beast[Fannar] (12)]
  9755 | D:12     | Killed Fannar
  9856 | D:12     | Found Zamux's Armour Boutique.
  9859 | D:12     | Bought a +3 chain mail of poison resistance for 329 gold
                  | pieces
  9859 | D:12     | Bought a +0 pair of gloves for 63 gold pieces
 10023 | Orc:1    | Entered Level 1 of the Orcish Mines
 10038 | Orc:1    | Reached ****** piety under Makhleb
 10039 | Orc:1    | Reached XP level 13. HP: 72/120 MP: 11/11
 10040 | Orc:1    | HP: 56/120 [orc knight/+0 battleaxe (6)]
 10041 | Orc:1    | Reached skill level 14 in Axes
 10041 | Orc:1    | HP: 20/120 [smoke demon/divine providence[an orc knight]
                  | (9)]
 10044 | Orc:1    | HP: 3/120 [orc sorcerer/bolt of fire[an orc knight] (34)]
 10048 | Orc:1    | HP: 1/120 [orc sorcerer/bolt of negative energy[an orc
                  | knight] (19)]
 10128 | Orc:1    | Noticed an orc warlord
 10164 | Orc:1    | HP: 59/121 [orc warlord/+3 long sword of flaming (3)]
 10170 | Orc:1    | HP: 58/121 [orc warlord/+3 long sword of flaming (12)]
 10171 | Orc:1    | Killed an orc warlord
 10361 | Orc:2    | Entered Level 2 of the Orcish Mines
 10404 | Orc:2    | Found a gate leading to a gauntlet.
 10416 | Gauntlet | Entered a Gauntlet
 10416 | Gauntlet | Found a transporter.
 10416 | Gauntlet | Found a transporter.
 10435 | Gauntlet | Found a transporter.
 10449 | Gauntlet | Found a transporter.
 10450 | Gauntlet | Found a transporter.
 10454 | Gauntlet | Found a runed translucent door.
 10454 | Gauntlet | Found a runed translucent door.
 10458 | Gauntlet | Found a transporter.
 10462 | Gauntlet | Found a transporter.
 10470 | Gauntlet | Found a transporter.
 10486 | Gauntlet | Found a transporter.
 10504 | Gauntlet | Found a transporter.
 10504 | Gauntlet | Found a transporter.
 10514 | Gauntlet | Found a transporter.
 10618 | Gauntlet | HP: 57/121 [hell hog/fireball (28)]
 10660 | Gauntlet | Noticed a minotaur
 10668 | Gauntlet | HP: 44/121 [minotaur/+3 vampiric trident (17)]
 10675 | Gauntlet | HP: 43/121 [minotaur/+3 vampiric trident (4)]
 10676 | Gauntlet | Killed a minotaur
 10682 | Gauntlet | Got an iridescent flail
 10686 | Orc:2    | Identified the cursed +1 flail of Defenestration {venom,
                  | MR- Int+4 SInv} (You found it in a Gauntlet)
 10706 | Orc:2    | Noticed Urug
 10707 | Orc:2    | HP: 45/121 [Urug/javelin (13)]
 10722 | Orc:2    | Killed Urug
 10765 | Orc:2    | HP: 56/121 [something (11)]
 10771 | Orc:2    | HP: 57/121 [orc warrior/+0 glaive (15)]
 10776 | Orc:2    | HP: 38/121 [orc warrior/+0 halberd (18)]
 10778 | Orc:2    | HP: 12/121 [orc knight/+0 long sword (11)]
 10778 | Orc:2    | Noticed an orc warlord
 10802 | Orc:2    | HP: 32/121 [orc knight/+0 long sword (2)]
 10821 | Orc:2    | HP: 41/121 [orc sorcerer/bolt of negative energy (28)]
 10826 | Orc:2    | HP: 23/121 [orc warlord/+0 great sword (5)]
 11007 | Orc:2    | Killed an orc warlord
 11104 | Orc:2    | Found a staircase to the Elven Halls.
 11224 | Orc:2    | HP: 57/121 [ice devil[an orc high priest] (10)]
 11236 | Orc:2    | Reached skill level 15 in Axes
 11515 | Orc:2    | Found Ofongak's Antique Armour Shop.
 11533 | Orc:2    | Found Suuklel's General Store.
 11533 | Orc:2    | Found Lozunilu's Book Shop.
 11535 | Orc:2    | Found Ewuuzyra's Antique Weapon Boutique.
 11559 | Orc:2    | Bought a pair of runed gloves for 232 gold pieces
 11685 | D:12     | Bought the +1 pair of boots of Noughts and Crosses {rC+++
                  | MR- Dex+3 SInv} for 809 gold pieces
 11806 | Lair:2   | Gained mutation: You resist negative energy. (rN+) [Deep
                  | Dwarf growth]
 11806 | Lair:2   | Reached XP level 14. HP: 130/130 MP: 9/9
 11923 | Lair:2   | Found a burning altar of Makhleb.
 12265 | Lair:2   | Reached skill level 10 in Fighting
 12797 | Lair:3   | Noticed Rupert
 12808 | Lair:3   | HP: 62/132 [Rupert/+2 battleaxe of pain (11)]
 12813 | Lair:3   | Killed Rupert
 12965 | Lair:3   | Identified a scroll of acquirement
 13015 | Lair:3   | Got a jewelled broad axe
 13016 | Lair:3   | Identified the +9 broad axe of Aculo {chop, rPois rF- rC++
                  | Int+2} (You acquired it on level 3 of the Lair of Beasts)
 13045 | Lair:3   | Found a staircase to the Swamp.
 13390 | Lair:4   | Found a hole to the Spider Nest.
 13482 | Lair:4   | Reached skill level 16 in Axes
 13653 | Lair:4   | You fall into a shaft and drop 1 floor!
 13702 | Lair:5   | Found the +4 robe of Augmentation {Str+4 Int+4 Dex+4}
 13804 | Spider:1 | Entered Level 1 of the Spider Nest
 13833 | Spider:1 | Noticed an entropy weaver
 13848 | Spider:1 | Killed an entropy weaver
 14034 | Spider:3 | Noticed an emperor scorpion
 14056 | Spider:3 | Killed an emperor scorpion
 14062 | Spider:3 | Got a steaming leather armour
 14140 | Spider:4 | Entered Level 4 of the Spider Nest
 14151 | Spider:4 | Noticed an emperor scorpion
 14167 | Spider:4 | HP: 53/133 [emperor scorpion (15)]
 14171 | Spider:4 | Killed an emperor scorpion
 14171 | Spider:4 | Reached XP level 15. HP: 51/140 MP: 10/10
 14194 | Spider:4 | HP: 56/140 [disintegration (24)]
 14212 | Spider:4 | HP: 60/140 [redback (7)]
 14377 | Spider:4 | Noticed a ghost moth
 14388 | Spider:4 | Killed a ghost moth
 14432 | Spider:4 | Noticed a ghost moth
 14433 | Spider:4 | Noticed a ghost moth
 14444 | Spider:4 | Reached skill level 17 in Axes
 14450 | Spider:4 | Killed a ghost moth
 14460 | Spider:4 | Killed a ghost moth
 14488 | Spider:4 | Got a gossamer rune of Zot
 14625 | Swamp:1  | Entered Level 1 of the Swamp
 14799 | Swamp:4  | Entered Level 4 of the Swamp
 14905 | Swamp:4  | HP: 71/142 [14-headed hydra (3)]
 14909 | Swamp:4  | HP: 28/142 [18-headed hydra (8)]
 15172 | Swamp:4  | Noticed the 27-headed Lernaean hydra
 15176 | Swamp:4  | HP: 64/142 [nine-headed hydra (9)]
 15179 | Swamp:4  | Reached XP level 16. HP: 68/151 MP: 10/10
 15182 | Swamp:4  | Killed the 26-headed Lernaean hydra
 15242 | Swamp:4  | Got a decaying rune of Zot
 15663 | Orc:2    | Bought an ichor-stained scale mail for 279 gold pieces
 15673 | Orc:2    | Identified the cursed +0 scale mail of Wofyruf {rN+ MR+}
                  | (You bought it in a shop on level 2 of the Orcish Mines)
 16709 | Lair:6   | Entered Level 6 of the Lair of Beasts
 16723 | Lair:6   | Reached skill level 18 in Axes
 16747 | Lair:6   | Reached skill level 15 in Invocations
 16913 | Lair:6   | Found a staircase to the Slime Pits.
 16939 | Slime:1  | Entered Level 1 of the Pits of Slime
 16951 | Slime:2  | Noticed an acid blob
 16959 | Slime:3  | Gained mutation: Potions are less effective at restoring
                  | your health. [a shining eye]
 16960 | Slime:3  | Gained mutation: You are dopey. (Int -2) [a shining eye]
 16962 | Slime:3  | Gained mutation: Armour fits poorly on your strangely
                  | shaped body. [a shining eye]
 16972 | Slime:4  | Noticed an acid blob
 16977 | Slime:4  | Noticed an acid blob
 16980 | Slime:4  | Noticed an acid blob
 16987 | Slime:4  | HP: 75/152 [acid blob (3)]
 16988 | Slime:5  | Entered Level 5 of the Pits of Slime
 16990 | Slime:5  | HP: 31/152 [acid blob (27)]
 17010 | Slime:5  | Noticed an acid blob
 17016 | Slime:5  | Gained mutation: You occasionally shout uncontrollably at
                  | your foes. [a shining eye]
 17019 | Slime:5  | Gained mutation: You are occasionally teleported next to
                  | monsters. [a shining eye]
 17026 | Slime:5  | Killed an acid blob
 17035 | Slime:5  | Noticed an acid blob
 17035 | Slime:5  | Noticed an acid blob
 17044 | Slime:5  | Killed an acid blob
 17049 | Slime:5  | Noticed the Royal Jelly
 17050 | Slime:5  | Found a viscous altar of Jiyva.
 17056 | Slime:5  | HP: 74/152 [acid blob (30)]
 17057 | Slime:5  | Killed an acid blob
 17059 | Slime:5  | Noticed an acid blob
 17066 | Slime:5  | Noticed an acid blob
 17071 | Slime:5  | HP: 58/152 [the Royal Jelly (26)]
 17072 | Slime:5  | Slain by the Royal Jelly

Levels and vault maps discovered:
D:1:      lemuel_arrival_tunnels, layout_basic
D:2:      layout_basic, nicolae_ru_path_of_blood,
          yredelemnul_forgotten_temple_becter, first_ration, minmay_cut_off
D:3:      layout_basic, chequers_temple_overflow_minitemple, uniq_grinder
D:4:      layout_basic, cheibriados_altar_1, minmay_temple_entry_mist,
          biasface_ghost_orc_armoury
D:5:      layout_loops_ring, nicolae_qazlal_eye_of_the_storm,
          portal_sewer_entry_e, okawaru_altar_gauntlet_db, uniq_sigmund
D:6:      layout_loops_corners, lemuel_round_altar, old_standard_altar,
          minmay_a_box_with_orc_wizards_in_it, uniq_blork_the_orc, uniq_edmund
D:7:      layout_basic
D:8:      layout_basic, grunt_livestock, uniq_gastronok
D:9:      layout_loops_ring, grunt_temple_overflow_opulence,
          gammafunk_temple_overflow_wave, due_lair_maze_entry_diamond,
          uniq_harold
D:10:     layout_gridville, minivault_16, grunt_ministairs_7, minmay_hedge_maze,
          uniq_erica
D:11:     layout_cave_pools, serial_shops,
          nicolae_shop_temple_entry_statues_fountains, nrook_mini_backslash
D:12:     layout_irregular_city, david_orc_3, serial_shops, kennysheep_mini,
          hangedman_decor_slide_cut, uniq_josephine, uniq_psyche, uniq_fannar
Lair:1:   layout_chaotic_city, grunt_megastairs_2, infiniplex_staircase_pool,
          lemuel_fruit_tree, serial_bayou_shore_a
Lair:2:   layout_loops_ring, lemuel_oklob_altar
Lair:3:   layout_regular_city, swamp_mist_pool, grunt_megastairs_3, uniq_rupert
Lair:4:   layout_regular_city, nicolae_spider_entry_non_spiders,
          serial_bayou_lake_a
Lair:5:   layout_cave_pods, minmay_lair_oklob_chamber
Lair:6:   minmay_lair_end_enchanted_forest, layout_regular_city,
          minmay_slime_entry_pillars
Swamp:1:  layout_falls_marsh, nicolae_swamp_treefoil, swamp_pool5
Swamp:2:  layout_basic_swamp, evilmike_swamp_ruin_house_1, swamp_pool3,
          cheibrodos_swamp_minitomb
Swamp:3:  layout_basic_swamp, hangedman_swamp_pad, infiniplex_staircase_pool_2,
          uniq_nikola, uniq_jorgrun
Swamp:4:  swamp_old_school, layout_basic_swamp, swamp_pool1
Spider:1: layout_spider_delve, nicolae_spider_circle_web, nicolae_spider_nook,
          uniq_donald
Spider:2: layout_spider_delve, special_room [special_room_bee], drop_trap
Spider:3: layout_spider_delve
Spider:4: spider_rune_water
Slime:1:  layout_caves, nicolae_slime_barrier
Slime:2:  layout_caves
Slime:3:  layout_caves
Slime:4:  layout_caves
Slime:5
Orc:1:    layout_diamond_mine
Orc:2:    st_orc_congregation, layout_diamond_mine, gauntlet_entry_generic,
          uniq_urug

Skill      XL: |  1  2  3  4  5  6  7  8  9 10 11 12 13 14 15 16 |
---------------+-------------------------------------------------+-----
Axes           | 3 4 5 6 8 9 11 12 13 15 16 17 18 | 18.0
Fighting       | 3 4 5 6 7 8 9 10 11 12 | 12.3
Armour         | 4 5 6 7 8 9 10 11 12 13 14 | 14.3
Shields        | 4 5 6 7 8 9 10 11 12 13 14 | 14.3
Invocations    | 2 3 5 6 8 10 11 12 13 14 15 | 15.0

Action                   |  1- 3 |  4- 6 |  7- 9 | 10-12 | 13-15 | 16-18 || total
-------------------------+-------+-------+-------+-------+-------+-------++-------
Melee: War axe           |   100 |   222 |   307 |   723 |   529 |       ||  1881
       Flail             |       |       |       |    14 |       |       ||    14
       Broad axe         |       |       |       |       |   505 |   207 ||   712
Invok: Greater Servant o |       |       |       |       |     6 |       ||     6
 Abil: Heal Wounds       |     1 |     6 |    10 |    28 |    22 |     8 ||    75
  Use: Scroll            |       |     5 |    12 |     7 |    12 |     3 ||    39
       Potion            |       |       |     3 |       |       |     3 ||     6
 Stab: Held in net/web   |       |       |       |     2 |       |       ||     2
  Eat: Chunk             |       |     6 |    10 |    17 |    15 |     3 ||    51
       Ration            |       |       |       |       |     1 |     1 ||     2
Armor: Scale mail        |    47 |    70 |    12 |       |       |       ||   129
       Leather armour    |       |       |    79 |    79 |       |       ||   158
       Chain mail        |       |       |       |   149 |   724 |   101 ||   974
Dodge: Dodged            |    28 |    55 |    98 |   225 |   323 |    36 ||   765
Block: Shield            |    62 |   146 |   242 |   681 |   933 |       ||  2064
       Reflection        |     1 |     7 |       |    43 |     6 |     2 ||    59
       Large shield      |       |       |       |       |   187 |   251 ||   438
